 Dungeon Crawl Stone Soup version 0.29.1-13-g9f3cf754e1 (webtiles) character file.

Game seed: 14039586697737956277

15687 adizb the Thaumaturge (level 12, -4/59 HPs)
             Began as a Deep Elf Ice Elementalist on Jan 25, 2023.
             Was a Priest of Dithmenos.
             Slain by a skeletal warrior
             ... wielding a +0 scimitar
              (16 damage)
             ... on level 11 of the Dungeon.
             The game lasted 02:22:47 (9661 turns).

adizb the Thaumaturge (Deep Elf Ice Elementalist)   Turns: 9661, Time: 02:22:50

Health: -4/59      AC: 19    Str:  5    XL:     12   Next: 3%
Magic:  28/28      EV: 16    Int: 30    God:    Dithmenos [***...]
Gold:   305        SH:  0    Dex: 17    Spells: 6/31 levels left

rFire   + . .      SeeInvis .   M - +6 dagger (distort)
rCold   . . .      Faith    .   (no shield)
rNeg    . . .      Spirit   .   l - +2 troll leather armour
rPois   .          Reflect  .   f - +0 helmet
rElec   .          Harm     .   h - +2 cloak
rCorr   .          Rampage  .   o - +0 pair of gloves
Will    +....                   v - +0 pair of boots
Stlth   ++++++....              K - amulet of magic regeneration
HPRegen 0.99/turn               y - +6 ring of intelligence
MPRegen 0.61/turn               q - ring of protection from fire

@: ice-armoured, about to teleport, freezing walls, wreathed by umbra
A: no striking features
a: Renounce Religion, Shadow Step


You were on level 11 of the Dungeon.
You worshipped Dithmenos.
Dithmenos was most pleased with you.
You visited 2 branches of the dungeon, and saw 12 of its levels.

You collected 665 gold pieces.
You spent 360 gold pieces at shops.

Inventory:

Hand Weapons
 M - a +6 dagger of distortion (weapon)
 N - a +2 dagger of pain
 P - a +0 vampiric short sword
Armour
 f - a +0 helmet (worn)
 h - a +2 cloak (worn)
 l - a +2 troll leather armour (worn)
 o - a +0 pair of gloves (worn)
 t - a +0 kite shield
 v - a +0 pair of boots (worn)
 E - a +2 robe of fire resistance
 G - +0 steam dragon scales
Magical Staves
 I - a staff of poison
Jewellery
 c - an amulet of regeneration
 q - a ring of protection from fire (right hand)
 y - a +6 ring of intelligence (left hand)
 K - an amulet of magic regeneration (around neck)
Wands
 a - a wand of mindburst (7)
 i - a wand of flame (4)
 w - a wand of roots (2)
 C - a wand of digging (3)
 H - a wand of acid (1)
Scrolls
 d - 3 scrolls of vulnerability
 e - 2 scrolls of teleportation
 u - 2 scrolls of immolation
 A - 4 scrolls of amnesia
 D - a scroll of butterflies
 J - a scroll of torment
 O - 2 scrolls of poison
Potions
 b - 3 potions of magic
 g - 3 potions of might {unknown}
 j - 3 potions of curing
 k - 2 potions of berserk rage {unknown}
 m - 3 potions of attraction {unknown}
 n - 2 potions of lignification
 p - 3 potions of haste
 r - 2 potions of mutation {unknown}
 x - 3 potions of brilliance
 F - 2 potions of cancellation
 L - 2 potions of degeneration {unknown}


   Skills:
 - Level 5.0 Short Blades
 + Level 9.0 Dodging
 + Level 9.9 Stealth
 + Level 10.0 Spellcasting
 + Level 8.0 Conjurations
 + Level 4.2 Summonings
 - Level 2.0 Translocations
 * Level 8.1 Fire Magic
 - Level 9.0 Ice Magic
 + Level 4.4 Air Magic
 - Level 2.0 Poison Magic


You had 6 spell levels left.
You knew the following spells:

 Your Spells              Type           Power      Damage    Failure   Level
a - Freeze                Ice            100%       1d11      1%          1
b - Frozen Ramparts       Ice            100%       1d16      1%          3
c - Mephitic Cloud        Conj/Pois/Air  44%        N/A       2%          3
d - Hailstorm             Conj/Ice       60%        3d13      1%          4
e - Foxfire               Conj/Fire      100%       2x1d9     1%          1
f - Flame Wave            Conj/Fire      59%        2d14      1%          4
g - Ozocubu's Armour      Ice            62%        N/A       1%          3
h - Apportation           Tloc           54%        N/A       2%          1
i - Freezing Cloud        Conj/Ice/Air   27%        6-21      9%          5

Your spell library contained the following spells:

 Spells                   Type           Power      Damage    Failure   Level
 Conjure Flame            Conj/Fire      59%        6-21      1%          3
 Inner Flame              Hex/Fire       39%        N/A       3%          3
 Ignite Poison            Fire/Tmut/Pois 35%        N/A       4%          3
 Sublimation of Blood     Necr           15%        N/A       9%          2
 Wereblood                Tmut           15%        N/A       9%          2
 Metabolic Englaciation   Hex/Ice        21%        N/A       26%         5
 Summon Forest            Summ/Tloc      16%        N/A       41%         5
 Petrify                  Tmut/Erth      15%        N/A       50%         4
 Summon Mana Viper        Hex/Summ       27%        N/A       56%         5
 Summon Cactus Giant      Summ           20%        N/A       85%         6
 Statue Form              Tmut/Erth      10%        N/A       100%        6
 Summon Hydra             Summ           20%        N/A       100%        7


Dungeon Overview and Level Annotations

Branches:
Dungeon (11/15)            Temple (1/1) D:6            Lair (0/5) D:11
    Orc: D:9-12

Altars:
Ashenzari
Cheibriados
Dithmenos
Elyvilon
Fedhas
Gozag
Hepliaklqana
Kikubaaqudgha
Makhleb
Nemelex Xobeh
Okawaru
Qazlal
Ru
Sif Muna
Trog
Uskayaw
Vehumet
Wu Jian
Xom
Yredelemnul
Zin
The Shining One

Shops:
D:5 =   D:8 *   D:11 :


Message History

The skeletal warrior hits you with a +0 scimitar.
Casting: Frozen Ramparts (safe; 1% risk of failure)
Press: ? - help, Q - select action, (/) - cycle Dir - look around, f - activate This square is wreathed by an umbra.
The walls around you are covered in ice.
The skeletal warrior resists.
The wall freezes the skeletal warrior.
The skeletal warrior hits you with a +0 scimitar!
* * * LOW HITPOINT WARNING * * *
You feel better.
The skeletal warrior completely resists.
The wall freezes the skeletal warrior but does no damage.
The skeletal warrior barely misses you.
Aiming: Throw Flame
Press: ? - help, Q - select action, (/) - cycle Shift-Dir - straight line, f - skeletal warrior
Aim: a skeletal warrior, wielding a +0 scimitar (heavily damaged, umbra, 68% to hit)
The puff of flame misses the skeletal warrior.
The skeletal warrior resists.
The wall freezes the skeletal warrior!
The skeletal warrior closely misses you.
Aiming: Throw Flame
Press: ? - help, Q - select action, (/) - cycle Shift-Dir - straight line, f/p - skeletal warrior
Aim: a skeletal warrior, wielding a +0 scimitar (severely damaged, umbra, 68% to hit)
The puff of flame hits the skeletal warrior.
The skeletal warrior is severely damaged.
The wall freezes the skeletal warrior but does no damage.
The skeletal warrior hits you with a +0 scimitar.
* * * LOW HITPOINT WARNING * * *
As you read the scroll of teleportation, it crumbles to dust.
You feel strangely unstable.
The wall freezes the skeletal warrior but does no damage.
The skeletal warrior hits you with a +0 scimitar.
* * * LOW HITPOINT WARNING * * *
You feel better.
The wall freezes the skeletal warrior but does no damage.
The skeletal warrior hits you but does no damage.
Casting: Foxfire (safe; 1% risk of failure)
Press: ? - help, Q - select action, (/) - cycle Dir - look around, f - activate You conjure some foxfire!
The skeletal warrior resists.
The wall freezes the skeletal warrior.
The skeletal warrior hits you with a +0 scimitar!
You die...

.. #########...# .
#########...#.. ..#
#+##....).z...^#.. ..#
..##....z.)....#.# ..#
..##...........#.# ..#
..##...........#.###..#
..####'#########......#
..#......#######.v....#
..#..##..#.....#@v.<..#
..#..>...#.....#z##...#
..#......#.....'......#
..#......#.....#......#
..#......##....#......#
..#......∩#....#......#
..#.......#....#......#
..#.####..'....#..###.#
..#.####..#....#......#


You could see a skeletal warrior (ally target).

Vanquished Creatures
  Harold (D:8)
  A hydra (D:11)
  2 two-headed ogres
  3 death yaks (D:11)
  2 skeletal warriors (D:11)
  An ugly thing (D:11)
  Maurice (D:9)
  A rust devil (D:11)
  An orange demon (D:11)
  Psyche (D:9)
  2 ice devils (D:11)
  2 trolls (D:11)
  Prince Ribbit (D:9)
  4 hornets
  A shadow (D:11)
  A vampire (D:10)
  A neqoxec (D:11)
  2 wyverns
  4 yaks (D:8)
  2 steam dragons
  2 vampire mosquitoes (D:11)
  An acid dragon (D:11)
  A water moccasin (D:6)
  A sky beast (D:6)
  8 orc warriors
  4 ogres
  A black bear (D:7)
  A centaur (D:7)
  4 kobold brigands
  2 necrophages
  3 scorpions (D:6)
  2 bullfrogs
  6 wights
  16 killer bees
  A howler monkey (D:8)
  4 quasits (D:11)
  2 orc priests (D:9)
  7 hounds
  2 gnoll boudas
  4 jellies
  5 iguanas
  8 orc wizards
  A hell rat (D:11)
  Robin (D:2)
  12 gnolls
  4 adders
  A shadow imp (D:6)
  2 white imps (D:6)
  An ufetubus (D:3)
  A worm (D:4)
  2 dart slugs
  33 orcs
  7 endoplasms
  5 giant cockroaches
  16 goblins
  14 hobgoblins
  7 jackals (D:2)
  5 quokkas
  8 ball pythons
  5 bats
  3 frilled lizards
  34 kobolds
  7 rats
288 creatures vanquished.

Vanquished Creatures (others)
  A kobold (D:9)
  A demonic plant (D:11)
  330 foxfires
  3 plants (D:7)
335 creatures vanquished.

Grand Total: 623 creatures vanquished

Notes
Turn   | Place    | Note
-------+----------+-------------------------------------------
     0 | D:1      | adizb the Deep Elf Ice Elementalist began the quest for the
                  | Orb.
     0 | D:1      | Reached XP level 1. HP: 10/10 MP: 6/6
   211 | D:1      | Reached XP level 2. HP: 15/15 MP: 0/8
   506 | D:1      | Reached skill level 1 in Conjurations
   652 | D:1      | Reached XP level 3. HP: 17/19 MP: 3/10
   671 | D:1      | Learned a level 3 spell: Frozen Ramparts
   675 | D:1      | Learned a level 3 spell: Mephitic Cloud
   753 | D:2      | Noticed Robin
   753 | D:2      | Found an ornate altar of the Wu Jian Council.
   923 | D:2      | Found a faded altar of an unknown god.
  1212 | D:2      | Killed Robin
  1213 | D:2      | Reached XP level 4. HP: 24/24 MP: 4/11
  1723 | D:3      | Found a shimmering altar of Xom.
  1846 | D:3      | Reached skill level 1 in Poison Magic
  1912 | D:3      | Found a hazy altar of Hepliaklqana.
  1977 | D:3      | Reached skill level 1 in Air Magic
  2438 | D:4      | Noticed a necrophage
  2455 | D:3      | Killed a necrophage
  2456 | D:3      | Reached skill level 4 in Spellcasting
  2456 | D:3      | Reached XP level 5. HP: 28/28 MP: 2/13
  2557 | D:4      | Reached skill level 5 in Ice Magic
  2639 | D:4      | Noticed an ogre
  2723 | D:4      | Found a bloodstained altar of Trog.
  2764 | D:4      | Learned a level 4 spell: Hailstorm
  2860 | D:4      | Reached XP level 6. HP: 32/32 MP: 10/14
  3210 | D:4      | Reached skill level 1 in Short Blades
  3241 | D:5      | Entered Level 5 of the Dungeon
  3306 | D:5      | Found an opulent altar of Gozag.
  3315 | D:5      | Reached XP level 7. HP: 36/36 MP: 9/16
  3320 | D:5      | Reached skill level 5 in Spellcasting
  3328 | D:5      | Found a glowing silver altar of Zin.
  3639 | D:5      | Found Rekhize's Jewellery Boutique.
  4057 | D:6      | Noticed a steam dragon
  4086 | D:6      | Reached skill level 5 in Dodging
  4086 | D:6      | Reached skill level 5 in Stealth
  4086 | D:6      | Reached XP level 8. HP: 24/41 MP: 13/18
  4113 | D:6      | Identified the +5 long sword of Ash {flame, Int+5}
  4188 | D:6      | Found a stormy altar of Qazlal.
  4211 | D:6      | Reached skill level 6 in Spellcasting
  4269 | D:6      | Learned a level 1 spell: Foxfire
  4341 | D:6      | Found a staircase to the Ecumenical Temple.
  4356 | D:6      | Reached skill level 1 in Fire Magic
  4386 | Temple   | Entered the Ecumenical Temple
  4644 | Temple   | Became a worshipper of Dithmenos the Shadowed
  4833 | D:7      | Found an ancient bone altar of Kikubaaqudgha.
  5054 | D:7      | Reached skill level 5 in Conjurations
  5060 | D:7      | Learned a level 4 spell: Flame Wave
  5065 | D:7      | Identified the +7 whip of Qigerch {drain, rPois rC+ MP+9
                  | Int-2}
  5124 | D:7      | Reached * piety under Dithmenos
  5167 | D:7      | Reached XP level 9. HP: 45/45 MP: 21/21
  5169 | D:7      | Found a sparkling altar of Nemelex Xobeh.
  5399 | D:7      | Reached skill level 7 in Spellcasting
  5461 | D:7      | Learned a level 3 spell: Ozocubu's Armour
  5587 | D:7      | Found a radiant altar of Vehumet.
  5595 | D:7      | Found a shimmering blue altar of Sif Muna.
  5607 | D:7      | Got Sif Muna's Anthology of Coordinates
  5610 | D:7      | Learned a level 1 spell: Apportation
  6062 | D:5      | Bought an amulet of magic regeneration for 360 gold pieces
  6157 | D:8      | Reached skill level 1 in Translocations
  6217 | D:8      | Found Fubliuxt's Overcharged Wands.
  6857 | D:8      | Found a burning altar of Makhleb.
  6859 | D:8      | Reached ** piety under Dithmenos
  6942 | D:9      | Reached XP level 10. HP: 50/50 MP: 23/23
  6951 | D:9      | Noticed Harold
  6958 | D:9      | Paralysed by a hornet for 1 turns
  6974 | D:9      | Noticed a two-headed ogre
  6988 | D:9      | Killed a two-headed ogre
  6989 | D:9      | Reached skill level 8 in Spellcasting
  7263 | D:9      | Reached skill level 5 in Fire Magic
  7368 | D:9      | Noticed Psyche
  7382 | D:9      | Noticed Maurice
  7497 | D:9      | Killed Maurice
  7503 | D:9      | Killed Psyche
  7744 | D:9      | Noticed Prince Ribbit
  7746 | D:9      | Killed Prince Ribbit
  7821 | D:8      | Killed Harold
  7822 | D:8      | Reached skill level 5 in Short Blades
  7822 | D:8      | Reached skill level 1 in Summonings
  7867 | D:10     | Entered Level 10 of the Dungeon
  8101 | D:10     | Reached *** piety under Dithmenos
  8161 | D:10     | Reached skill level 9 in Spellcasting
  8161 | D:10     | Reached XP level 11. HP: 54/54 MP: 24/26
  8183 | D:10     | Learned a level 5 spell: Freezing Cloud
  8514 | D:10     | Found an ornate altar of the Wu Jian Council.
  8516 | D:10     | Found a white marble altar of Elyvilon.
  8742 | D:11     | Noticed a two-headed ogre
  8749 | D:11     | Killed a two-headed ogre
  8924 | D:11     | Noticed a red ugly thing
  8939 | D:11     | Killed a red ugly thing
  9003 | D:11     | Found a staircase to the Lair.
  9003 | D:11     | Noticed a death yak
  9006 | D:11     | Noticed a death yak
  9006 | D:11     | Noticed a death yak
  9016 | D:11     | HP: 2/54 [death yak (17)]
  9101 | D:11     | Noticed a four-headed hydra
  9111 | D:11     | Killed a four-headed hydra
  9362 | D:11     | Killed a death yak
  9363 | D:11     | Killed a death yak
  9368 | D:11     | Killed a death yak
  9398 | D:11     | Found Qika's Book Shop.
  9463 | D:11     | Noticed a skeletal warrior
  9465 | D:11     | Noticed a skeletal warrior
  9485 | D:11     | Killed a skeletal warrior
  9491 | D:11     | Noticed a skeletal warrior
  9495 | D:11     | Killed a skeletal warrior
  9496 | D:11     | Reached skill level 10 in Spellcasting
  9496 | D:11     | Reached XP level 12. HP: 43/59 MP: 20/28
  9661 | D:11     | Slain by a skeletal warrior

Illustrated notes

Levels and vault maps discovered:
D:1:      giann_forest_graveyard, layout_basic, minmay_tall_x
D:2:      layout_basic, ebering_ecumenical_altar_sacrificial, basic_altar,
          uniq_robin
D:3:      layout_basic, nicolae_hepliaklqana_hippocampus, old_standard_altar
D:4:      minmay_skewed_foursquare, layout_rooms, trog_three_pillars_becter,
          grunt_ministairs_1, lemuel_flame_loot_1
D:5:      layout_cave_pods, grunt_temple_overflow_gold_and_silver, serial_shops,
          nicolae_shop_advertising_works [nicolae_subvault_shop_adworks]
D:6:      layout_cave_pools, mainiacjoe_overflow_cross_hatched,
          minmay_temple_entry_large_hall
D:7:      corexii_shack_village, layout_gridville,
          grunt_temple_overflow_magic_moments, nemelex_dance_club_becter,
          dk_rats_in_the_wall
D:8:      layout_rooms, makhleb_blood_cavern_becter,
          nicolae_shop_overcharged_wands
D:9:      layout_rooms, uniq_prince_ribbit1, uniq_psyche, uniq_harold,
          uniq_maurice
D:10:     layout_roguey, chequers_temple_overflow_statue_of_worship, hex_medium,
          wad_floor_pattern_untrapped
D:11:     layout_stronghold, dpeg_lair_monsters, serial_shops, shop,
          serial_demonic, serial_demonic_d, serial_demonic_a, serial_demonic_b,
          serial_demonic_g, serial_demonic_a, serial_demonic_g
Temple:   nicolae_temple_bog_church

Skill      XL: |  1  2  3  4  5  6  7  8  9 10 11 |
---------------+----------------------------------+-----
Conjurations   | 1 2 3 4 5 6 7 8 |  8.0
Dodging        | 3 4 5 6 8 9 |  9.0
Poison Magic   | 1 2 |  2.0
Air Magic      | 1 2 3 4 |  4.4
Stealth        | 3 4 5 6 7 8 9 |  9.9
Spellcasting   | 4 5 6 7 9 10 | 10.0
Ice Magic      | 5 6 7 8 9 |  9.0
Short Blades   | 1 2 3 4 5 |  5.0
Fire Magic     | 3 4 6 8 |  8.1
Translocations | 2 |  2.0
Summonings     | 1 4 |  4.2

Action                   |  1- 3 |  4- 6 |  7- 9 | 10-12 || total
-------------------------+-------+-------+-------+-------++-------
Melee: Unarmed           |     1 |       |       |       ||     1
       Dagger            |     7 |    23 |    86 |   100 ||   216
       Punch             |       |       |       |     2 ||     2
 Cast: Freeze            |    59 |    58 |    60 |    23 ||   200
       Frozen Ramparts   |     3 |    10 |    18 |    23 ||    54
       Foxfire           |       |       |    74 |   118 ||   192
       Hailstorm         |       |       |     1 |     4 ||     5
       Ozocubu's Armour  |       |       |     2 |    10 ||    12
       Flame Wave        |       |       |     1 |    18 ||    19
       Mephitic Cloud    |       |       |     1 |     2 ||     3
       Freezing Cloud    |       |       |       |     3 ||     3
Evoke: Wand              |       |     2 |       |     9 ||    11
  Use: Scroll            |     3 |     5 |     6 |    13 ||    27
       Potion            |       |       |       |     7 ||     7
 Stab: Sleeping          |     3 |     5 |    18 |     8 ||    34
       Confused          |       |       |     1 |       ||     1
       Distracted        |       |       |       |     1 ||     1
Armor: Robe              |     8 |    22 |    15 |    17 ||    62
       Steam dragon scal |       |       |    14 |    20 ||    34
       Troll leather arm |       |       |       |    28 ||    28
Dodge: Dodged            |    36 |    70 |    80 |   170 ||   356
